Description

Blink Robo with modifications in response to marauder reverts

Build Order

Get SALT Encoding   

  12  0:02  Probe  
  14  0:14  Probe  
  14  0:17  Pylon  
  14  0:26  Probe  
  15  0:32  Probe (Chrono Boost)  
  15  0:36  Gateway  
  15  0:40  Probe (Chrono Boost)  
  17  0:45  Assimilator  
  17  0:53  Probe (Chrono Boost)  
  19  1:05  Probe (Chrono Boost)  
  19  1:17  Probe (Chrono Boost)  
  20  1:21  Nexus  
  20  1:31  Cybernetics Core  
  20  1:36  Probe (Chrono Boost)  
  20  1:38  Assimilator  
  22  1:48  Probe (Chrono Boost)  
  22  1:49  Pylon  
  23  2:07  Stalker (Chrono Boost)  
  23  2:08  Warp Gate  
  26  2:17  Stalker  
  29  2:32  Robotics Facility  
  34  2:54  Twilight Council  
  36  3:09  Observer  
  36  3:12  Gateway x2  
  39  3:30  Blink  
  41  3:37  Pylon  
  41  3:39  Observer  
  46  3:56  Stalker  
  46  3:59  Pylon  
  46  4:05  Assimilator  
  48  4:19  Observer  
  48  4:20  Stalker x2, Nexus  
  57  4:30  Pylon  
  59  4:40  Immortal  
  59  4:45  Forge x2  
  59  4:50  Sentry x2  
  65  4:58  Protoss Ground Weapons Level 1  
  65  4:59  Protoss Ground Armor Level 1  
  67  5:12  Immortal  
  73  5:23  Gateway x3  
  73  5:27  Sentry  
  76  5:30  Gateway  
  78  5:37  Gateway  
  79  5:42  Assimilator x2  
  81  5:53  Observer  
  82  6:01  Charge  
  82  6:09  Shield Battery x2  
  85  6:20  Warp Prism  
  89  6:30  Stalker x5  
  105  6:43  Protoss Ground Armor Level 2, Protoss Ground Weapons Level 2  
  105  6:47  Immortal  
  114  7:09  Warp Prism  
  116  7:17  Zealot x5  
  126  7:28  Gateway x2  
  126  7:30  Zealot x2  
  130  7:52  Zealot x3  
  130  7:57  Observer  
  146  8:03  Templar Archives  
  150  8:10  Immortal  
  154  8:16  Psionic Storm  
  154  8:41  High Templar x4  
  154  8:46  Assimilator, Nexus  
  168  8:54  Photon Cannon x2  
  168  8:58  Shield Battery  
  168  9:06  Protoss Shields Level 1  
  168  9:11  High Templar x2  
  172  9:29  High Templar x2  
  178  9:53  Protoss Ground Weapons Level 3  
  178  9:57  Archon x2  
Spawning Tool Build Advisor. Get it on Overwolf

Go to:

Details

  • Created by: NikkiJane
  • Published on: Jul 05, 2018
  • Modified on: Jul 05, 2018
  • Patch: 4.0.0
Show
View Real Time Build Order
Export as new Build Order

Comments (0)

There are no comments. Be the first!

Create an account to comment!